 Dungeon Crawl Stone Soup version 0.17-a0-802-g1f09329 (webtiles) character file.

12096 namelastname112 the Cruncher (level 11, -16/85 HPs)
             Began as a Yellow Draconian Gladiator on Apr 26, 2015.
             Was a Priest of Yredelemnul.
             Demolished by an alligator simulacrum (27 damage)
             ... in an ice cave.
             The game lasted 00:29:14 (12793 turns).

namelastname112 the Cruncher (DrGl)                Turns: 12793, Time: 00:29:16

Health: -16/85     AC: 11    Str: 19      XL:     11   Next: 58%
Magic:  18/18      EV: 23    Int:  7 (8)  God:    Yredelemnul [***...]
Gold:   292        SH:  0    Dex: 19      Spells: 0 memorised, 10 levels left

rFire  . . .     SeeInvis .     a - +1 quarterstaff (freeze)
rCold  . . .     Clarity  .     (armour unavailable)
rNeg   . . .     SustAb   .     (no shield)
rPois  .         Gourm    .     b - +1 hat
rElec  .         Spirit   .     (no cloak)
rCorr  +         Warding  .     x - +2 pair of gloves
rMut   .         Stasis   .     (no boots)
MR     +....                    (no amulet)
Stlth  ++........               e - +5 ring of dexterity
                                Q - +5 ring of evasion

@: slowed, very slow, somewhat resistant to hostile enchantments, unstealthy
A: spit acid, acid resistance, unfitting armour, blurry vision 1, frail 1, magic
resistance 1, mutation resistance 1, cold-blooded, AC +7
a: Spit Acid, Animate Dead, Recall Undead Slaves, Injury Mirror, Renounce
Religion


You were in an ice cave.
You worshipped Yredelemnul.
Yredelemnul was most pleased with you.
You were not hungry.

You visited 3 branches of the dungeon, and saw 13 of its levels.
You also visited: Ice Cave.

You collected 812 gold pieces.
You spent 520 gold pieces at shops.

Inventory:

Hand weapons
 a - a +1 quarterstaff of freezing (weapon)
 i - a +0 blowgun
Missiles
 c - 2 throwing nets (quivered)
 j - 52 poisoned needles
Armour
 b - a +1 hat (worn)
 x - a +2 pair of gloves (worn)
Jewellery
 e - a +5 ring of dexterity (right hand)
 D - the ring "Jatuaff" {Str-2 Slay+2}
   (You found it on level 9 of the Dungeon)

   [ring of strength]

   It affects your strength (-2).
   It affects your accuracy and damage with ranged weapons and melee attacks
   (+2).
 F - an uncursed ring of see invisible {unknown}
 H - a +3 ring of evasion
 J - an uncursed ring of flight
 O - a cursed ring of fire
 Q - a +5 ring of evasion (left hand)
Magical devices
 r - a wand of random effects (23)
 z - a wand of frost (17)
 C - a wand of digging (6)
 I - a wand of fire (6)
 L - a wand of polymorph (2)
 N - a wand of fire (7)
 P - a wand of fireball (6)
 U - a wand of lightning (7)
Scrolls
 g - a scroll of enchant armour
 h - 3 scrolls of enchant weapon
 k - 8 scrolls of remove curse
 m - 4 scrolls of blinking
 p - 5 scrolls of teleportation
 s - a scroll of fog
 v - 7 scrolls of identify
 w - 2 scrolls of recharging
 y - 2 scrolls of magic mapping
 A - a scroll of fear
 B - a scroll of amnesia
Potions
 n - 2 potions of invisibility {unknown}
 q - a potion of curing
 t - a potion of poison {unknown}
 u - 2 potions of brilliance
 E - a potion of degeneration
 K - 2 potions of heal wounds
 M - a potion of restore abilities
 R - a potion of cancellation {unknown}
 S - a potion of resistance
Books
 l - a book of Clouds

   Spells                             Type                      Level
   a - Mephitic Cloud                 Conjuration/Poison/Air       3
   b - Conjure Flame                  Conjuration/Fire             3
   c - Poisonous Cloud                Conjuration/Poison/Air       6
   d - Freezing Cloud                 Conjuration/Ice/Air          6
   e - Ring of Flames                 Charms/Fire                  7
 o - a book of Maledictions

   Spells                             Type                      Level
   a - Corona                         Hexes                        1
   b - Ensorcelled Hibernation        Hexes/Ice                    2
   c - Confuse                        Hexes                        3
   d - Tukima's Dance                 Hexes                        3
   e - Dazzling Spray                 Conjuration/Hexes            3
Comestibles
 d - 13 bread rations
 f - 3 meat rations
 G - a beef jerky
 T - 3 fruits


   Skills:
 + Level 8.7 Fighting
 * Level 11.8 Staves
 - Level 1.7 Throwing
 + Level 7.7 Dodging
 * Level 10.6 Invocations


You had 10 spell levels left.
You didn't know any spells.

Dungeon Overview and Level Annotations

Branches:
Dungeon (10/15)            Temple (1/1) D:4            Lair (2/8) D:10
    Orc (0/4) D:9

Altars:
Ashenzari
Cheibriados
Elyvilon
Fedhas
Gozag
Makhleb
Okawaru
Qazlal
Sif Muna
Trog
Xom
Yredelemnul
Zin
The Shining One

Shops:
D:5 :   D:9 [!   D:10 :


Innate Abilities, Weirdness & Mutations

You can spit globs of acid.
You are resistant to acid.
Your golden yellow scales are hard (AC +7).
Your body does not fit into most forms of armour.
You are cold-blooded and may be slowed by cold attacks.
Scrolls take you a little longer to read.
You are frail (-10% HP).
You are resistant to hostile enchantments.
You are somewhat resistant to further mutation.


Message History

A spiny frog comes into view.
A crocodile comes into view.
Found 13 poisoned sling bullets.
There is a frozen archway here.
The world spins around you as you enter the gateway.
You enter an ice cave! 4 simulacra come into view.
Found an ice covered gate leading back out of this place.
There is an ice choked empty arch of ancient stone here.
There is an ice choked empty arch of ancient stone here.
There is an ice covered gate leading back out of this place here.
The alligator simulacrum bites you! The alligator simulacrum freezes you!!
You feel yourself slow down.
The alligator simulacrum tail-slaps you.
The alligator simulacrum freezes you! The alligator simulacrum bites you!
* * * LOW HITPOINT WARNING * * *
The alligator simulacrum freezes you!!
You feel as though you will be slow longer.
You die...
Your body rises from the dead as a mindless zombie.

#### ##..## ##
##....##..##
#...ZZ.....##
#.∩@Z.......#
#...Z...##....
##....###
##..## ####


You could see 2 alligator simulacra, a death yak simulacrum and a wolf spider
simulacrum.

Vanquished Creatures
  Psyche (D:9)
  2 spiny frogs
  2 centaur skeletons (D:10)
  A two-headed ogre (D:6)
  Sigmund (D:3)
  A spriggan (D:8)
  6 yaks (D:10)
  2 hippogriffs
  Grum (D:8)
  2 vampire mosquitoes (D:9)
  A wraith (D:10)
  2 water moccasins
  A mottled dragon (D:7)
  A porcupine (Lair:2)
  3 ice beasts
  3 wolves (D:8)
  3 sky beasts
  3 orc warriors (D:8)
  A black bear (D:9)
  5 ogres
  2 crocodiles
  A spider (D:9)
  3 phantoms
  A slave (D:7)
  2 necrophages
  3 centaurs
  5 giant frogs
  3 scorpions
  14 killer bees
  3 wights (D:10)
  An electric eel (D:10)
  A crimson imp (D:5)
  2 jellies (D:9)
  A centaur zombie (D:5)
  A giant frog skeleton (D:10)
  Ijyb (D:2)
  2 orc wizards
  An iguana (D:7)
  5 hounds
  2 orc priests
  5 sheep (Lair:2)
  10 worker ants
  A hound zombie (D:7)
  A hound skeleton (D:8)
  A mummy (D:8)
  A worker ant zombie (D:8)
  3 gnolls
  12 adders
  3 shadow imps
  2 worms
  7 giant geckos
  36 orcs
  2 ball pythons
  16 bats
  5 giant cockroaches
  17 hobgoblins
  7 jackals
  12 kobolds
  6 quokkas
  A ball python skeleton (D:4)
  A giant gecko skeleton (D:7)
  3 giant newts
  12 goblins
  A quokka skeleton (D:5)
  12 rats
273 creatures vanquished.

Vanquished Creatures (collateral kills)
  A hydra (Lair:1)
  The ghost of namelastname112 the Cruncher, an experienced DrGl of Elyvilon (D:10)
  Pikel (D:7)
  2 spiny frogs
  3 yaks (D:10)
  3 water moccasins (Lair:1)
  6 spiders (D:9)
  A crocodile (Lair:2)
  A scorpion (D:9)
  6 giant frogs
  5 killer bees
  4 wights (D:8)
  A crimson imp (D:7)
  2 hounds
  A giant frog skeleton (D:9)
  An iguana (Lair:2)
  3 gnolls
  3 adders
  2 orcs
  A hobgoblin (D:7)
  A kobold (D:8)
  A quokka (D:10)
  A rat (D:10)
51 creatures vanquished.

Vanquished Creatures (others)
  3 flying skulls
  A spiny frog zombie (D:10)
  A phantom (D:7)
  2 yak zombies (D:10)
  A yak skeleton (D:10)
  2 wolf zombies (D:8)
  A giant frog zombie (D:10)
  A black bear zombie (D:9)
  A centaur zombie (D:8)
  4 killer bee zombies
  A mottled dragon zombie (D:7)
  An ogre zombie (D:9)
  A necrophage skeleton (D:8)
  2 worker ant zombies
  A gnoll zombie (D:8)
  A scorpion zombie (D:9)
  An orc (D:4)
  A quokka (D:10)
  A giant gecko zombie (D:8)
  A hobgoblin zombie (D:7)
  2 orc skeletons (D:9)
  8 orc zombies
  A quokka zombie (D:10)
  A rat zombie (D:8)
40 creatures vanquished.

Grand Total: 364 creatures vanquished

Notes
Turn   | Place    | Note
--------------------------------------------------------------
     0 | D:1      | namelastname112, the Draconian Gladiator, began the quest for the Orb.
     0 | D:1      | Reached XP level 1. HP: 17/17 MP: 1/1
    71 | D:1      | Reached XP level 2. HP: 18/25 MP: 2/2
   627 | D:2      | Reached XP level 3. HP: 28/30 MP: 3/3
  1012 | D:2      | Noticed Ijyb
  1036 | D:2      | Killed Ijyb
  1036 | D:2      | Reached skill level 4 in Staves
  1036 | D:2      | Reached XP level 4. HP: 36/38 MP: 4/4
  1522 | D:3      | Noticed Sigmund
  2164 | D:3      | Found a deep blue altar of Sif Muna.
  2624 | D:3      | Killed Sigmund
  2624 | D:3      | Reached skill level 5 in Staves
  2624 | D:3      | Reached XP level 5. HP: 37/46 MP: 5/5
  2624 | D:3      | Reached XP level 6. HP: 41/52 MP: 6/6
  3111 | D:4      | Found a bloodstained altar of Trog.
  3166 | D:4      | Found a staircase to the Ecumenical Temple.
  3543 | D:4      | Reached skill level 6 in Staves
  3543 | D:4      | Your scales start taking on a golden yellow colour.
  3543 | D:4      | Reached XP level 7. HP: 24/60 MP: 7/7
  3548 | D:4      | Reached skill level 5 in Fighting
  3790 | Temple   | Entered the Ecumenical Temple
  3794 | Temple   | Became a worshipper of Yredelemnul the Dark
  4173 | D:4      | Found an opulent altar of Gozag.
  4181 | D:4      | Found a snail-covered altar of Cheibriados.
  4241 | D:5      | Entered Level 5 of the Dungeon
  4475 | D:5      | Found a burning altar of Makhleb.
  4490 | D:5      | Found Terafes's Book Shop.
  4584 | D:5      | Reached skill level 1 in Invocations
  4660 | D:5      | Found a deep blue altar of Sif Muna.
  4686 | D:5      | Reached skill level 7 in Staves
  4745 | D:5      | Reached XP level 8. HP: 48/69 MP: 9/9
  4925 | D:5      | Found an iron altar of Okawaru.
  5101 | D:6      | Found an opulent altar of Gozag.
  5111 | D:6      | Noticed a two-headed ogre
  5127 | D:6      | Killed a two-headed ogre
  5179 | D:6      | Reached skill level 5 in Dodging
  5481 | D:6      | Found a blossoming altar of Fedhas.
  6142 | D:7      | Acquired Yredelemnul's first power
  6188 | D:7      | Reached skill level 8 in Staves
  6458 | D:7      | Noticed Pikel
  6493 | D:7      | Killed Pikel
  6493 | D:7      | Reached skill level 5 in Invocations
  6493 | D:7      | Reached XP level 9. HP: 67/78 MP: 12/12
  6516 | D:7      | Gained mutation: You are resistant to hostile enchantments. [mutagenic meat]
  6517 | D:7      | Gained mutation: Scrolls take you a little longer to read. [mutagenic meat]
  6518 | D:7      | Gained mutation: You are frail (-10% HP). [mutagenic meat]
  6519 | D:7      | Gained mutation: You are somewhat resistant to further mutation. [mutagenic meat]
  7021 | D:8      | Acquired Yredelemnul's second power
  7039 | D:8      | HP: 3/70 [centaur/arrow of frost (12)]
  7406 | D:8      | Reached skill level 9 in Staves
  7604 | D:8      | Found a shimmering altar of Xom.
  7647 | D:8      | Noticed Grum
  7665 | D:8      | Killed Grum
  8162 | D:8      | Reached XP level 10. HP: 69/77 MP: 15/15
  8495 | D:9      | Reached skill level 10 in Staves
  8664 | D:9      | Got a scorched steel ring
  8666 | D:9      | Identified the cursed ring "Jatuaff" {Str-2 Slay+2} (You found it on level 9 of the Dungeon)
  9029 | D:9      | Found Fyjerao's Armour Emporium.
  9029 | D:9      | Found a staircase to the Orcish Mines.
  9520 | D:8      | Your ally Grum died
  9594 | D:9      | Acquired Yredelemnul's third power
  9746 | D:9      | Noticed Psyche
  9752 | D:9      | Killed Psyche
  9760 | D:9      | Received a gift from Yredelemnul
  9812 | D:9      | Found Juselobo's Distillery.
  9818 | D:9      | Bought a potion of heal wounds for 65 gold pieces
  9818 | D:9      | Bought a potion of beneficial mutation for 455 gold pieces
 10730 | D:10     | Entered Level 10 of the Dungeon
 10738 | D:10     | Found a staircase to the Lair.
 10777 | D:10     | Reached XP level 11. HP: 17/84 MP: 15/18
 10911 | D:10     | Reached skill level 11 in Staves
 11019 | D:10     | Noticed namelastname112's ghost (experienced DrGl)
 11067 | D:10     | Killed namelastname112's ghost
 11465 | D:10     | Received a gift from Yredelemnul
 11519 | D:10     | Found a white marble altar of Elyvilon.
 11552 | D:10     | Reached skill level 10 in Invocations
 11616 | D:10     | Found Fyesiasi's Book Shoppe.
 11799 | Lair:1   | Entered Level 1 of the Lair of Beasts
 12218 | Lair:1   | Noticed an eight-headed hydra
 12224 | Lair:1   | Killed an eight-headed hydra
 12601 | Lair:2   | Received a gift from Yredelemnul
 12778 | Lair:2   | Found a frozen archway.
 12786 | IceCv    | Entered an ice cave
 12793 | IceCv    | Demolished by an alligator simulacrum

Action                   |  1- 3 |  4- 6 |  7- 9 | 10-12 || total
-------------------------+-------+-------+-------+-------++-------
Melee: Quarterstaff      |   129 |   138 |   423 |   448 ||  1138
 Fire: Blowgun           |       |    13 |     5 |       ||    18
Throw: Throwing net      |       |     6 |       |       ||     6
Invok: Animate Remains   |       |       |    25 |     4 ||    29
       Animate Dead      |       |       |       |    15 ||    15
       Recall Undead Sla |       |       |       |     1 ||     1
       Injury Mirror     |       |       |       |     1 ||     1
 Abil: Spit Acid         |       |       |     1 |     2 ||     3
Evoke: Wand              |       |       |     6 |       ||     6
  Use: Potion            |       |     4 |     2 |     8 ||    14
       Scroll            |       |       |       |    16 ||    16
 Stab: Sleeping          |     2 |     1 |     3 |     3 ||     9
       Distracted        |       |       |     1 |     3 ||     4
       Paralysed         |       |       |     1 |       ||     1
  Eat: Chunk             |       |     5 |    20 |     8 ||    33
       Beef jerky        |       |     2 |     1 |       ||     3
       Pizza             |       |       |       |     2 ||     2
       Royal jelly       |       |       |       |     1 ||     1
       Meat ration       |       |       |       |     1 ||     1
